 Dungeon Crawl Stone Soup version 0.31-a0-40-g1d5085d191 (webtiles) character file.

Game seed: 16337170505288705795

60 IdlyInterested the Trooper (level 3, -4/30 HPs)
             Began as a Demonspawn Wanderer on May 17, 2023.
             Slain by a gnoll
             ... wielding a +0 spear
              (7 damage)
             ... on level 2 of the Dungeon.
             The game lasted 00:03:45 (904 turns).

IdlyInterested the Trooper (Demonspawn Wanderer)     Turns: 904, Time: 00:03:46

Health: -4/30      AC:  6    Str: 14    XL:     3   Next: 82%
Magic:  3/4        EV:  9    Int: 12    God:
Gold:   42         SH:  0    Dex: 13    Spells: 3/4 levels left

rFire   . . .        a - +3 short sword
rCold   . . .        (no shield)
rNeg    . . .        e - +0 scale mail
rPois   .            (no helmet)
rElec   .            (no cloak)
rCorr   .            (no gloves)
SInv    .            (no boots)
Will    .....        (no amulet) Stlth
                     (no ring)
HPRegen 0.25/turn    (no ring)
MPRegen 0.09/turn

%: no passive effects
@: invisible
A: demonic magic 1
a: no special abilities


You were on level 2 of the Dungeon.
You visited 1 branch of the dungeon, and saw 2 of its levels.

You collected 42 gold pieces.

Inventory:

Hand Weapons
 a - a +3 short sword (weapon)
Missiles
 l - 2 stones
Armour
 c - a +0 leather armour
 e - a +0 scale mail (worn)
Jewellery
 i - an amulet of faith
Scrolls
 g - 2 scrolls of enchant armour {unknown}
 h - a scroll of magic mapping {unknown}
 j - a scroll of fog {unknown}
 k - a scroll of identify {unknown}
Potions
 b - 3 potions of invisibility
 d - 2 potions of curing {unknown}
 f - 2 potions of magic {unknown}


   Skills:
 - Level 4.1 Fighting
 + Level 2.9 Short Blades
 - Level 1.0 Throwing
 - Level 1.0 Armour
 - Level 1.0 Dodging
 - Level 1.0 Spellcasting
 - Level 1.7 Translocations
 - Level 1.0 Evocations


You had 3 spell levels left.
You knew the following spells:

 Your Spells              Type           Power      Damage    Failure   Level
a - Apportation           Tloc           8%         N/A       54%         1

Your spell library contained the following spells:

 Spells                   Type           Power      Damage    Failure   Level
 Volatile Blastmotes      Fire/Tloc      4%         2d10      95%         3
 Simulacrum               Ice/Necr       0%         N/A       100%        6
 Ozocubu's Refrigeration  Ice            0%         4d7       100%        7
 Polar Vortex             Ice            0%         N/A       100%        9


Dungeon Overview and Level Annotations

Branches:
Dungeon (2/15)

Altars:


Innate Abilities, Weirdness & Mutations

Spells you cast may paralyse adjacent enemies.


Message History

* * * LOW HITPOINT WARNING * * *
You barely miss the jackal.
The jackal is severely wounded.
The jackal completely misses you.
You miss the jackal.
The jackal is severely wounded.
The jackal closely misses you.
You catch the helpless jackal completely off-guard!
You puncture the jackal!
You kill the jackal!
The jackal bites you but does no damage.
You hit the jackal.
The jackal is lightly wounded.
The jackal closely misses you.
You hit the jackal.
You kill the jackal!
You catch the helpless jackal completely off-guard!
You hit the jackal.
The jackal is severely wounded.
The jackal barely misses you.
The gnoll hits you from afar with a +0 spear.
* * * LOW HITPOINT WARNING * * *
The jackal bites you but does no damage.
You hit the jackal.
The jackal is almost dead.
A quokka comes into view.
The jackal closely misses you.
You hit the jackal.
You kill the jackal!
You hit the gnoll.
The gnoll is heavily wounded.
The gnoll hits you with a +0 spear.
* * * LOW HITPOINT WARNING * * *
You barely miss the gnoll.
The gnoll is heavily wounded.
You strike the helpless gnoll from behind!
You hit the gnoll.
The gnoll is severely wounded.
The gnoll hits you with a +0 spear!
You die...

.#. ... #.# #.#
##+## #.# ##...##
###.# ##.....##
##.#[# ##...<...##
##...@###.........#
##.....gh'...).....+
#<..)..###.........#
#.#..#r# ##.......##
#...##.# ##)....##
#..# #.# ##).^##
#..# #.# ##†## #..#
#.# #.# #... .. #.#


You could see a gnoll (unable to see you), a quokka (wandering, unable to see
you) and a jackal (unable to see you).

Vanquished Creatures
  2 gnolls (D:2)
  An adder (D:2)
  2 ball pythons (D:1)
  An endoplasm (D:1)
  A giant cockroach (D:1)
  3 hobgoblins (D:1)
  7 jackals
  2 quokkas (D:1)
  4 bats (D:1)
  2 frilled lizards
  3 kobolds
  2 rats (D:1)
30 creatures vanquished.

Notes
Turn   | Place    | Note
-------+----------+-------------------------------------------
     0 | D:1      | IdlyInterested the Demonspawn Wanderer began the quest for
                  | the Orb.
     0 | D:1      | IdlyInterested set off with the following items: a +3 short
                  | sword, a potion of invisibility, a +0 leather armour; and
                  | the following spell memorised: Apportation; and the
                  | following spells available to memorise: Volatile
                  | Blastmotes.
     0 | D:1      | Reached XP level 1. HP: 19/19 MP: 2/2
   109 | D:1      | Reached skill level 1 in Armour
   116 | D:1      | Gained mutation: Spells you cast may paralyse adjacent
                  | enemies. [demonic ancestry]
   116 | D:1      | Reached XP level 2. HP: 25/25 MP: 3/3
   206 | D:1      | Reached skill level 1 in Dodging
   870 | D:2      | Reached skill level 1 in Throwing
   870 | D:2      | Reached XP level 3. HP: 30/30 MP: 4/4
   904 | D:2      | Slain by a gnoll

Illustrated notes

Levels and vault maps discovered:
D:1:      amcnicky_arrival_double_pillar, layout_loops_cross
D:2:      layout_loops_corners, pf_guarded_unrand_woodcutter

Skill      XL: |  1  2 |
---------------+-------+-----
Armour         | 1 |  1.0
Dodging        | 1 |  1.0
Short Blades   | 2 |  2.9
Throwing       | 1 |  1.0
Fighting       | |  4.1
Spellcasting   | |  1.0
Translocations | |  1.7
Evocations     | |  1.0

Action                     || total
---------------------------++-------
  Melee: Short sword       ||    95
   Cast: Apportation       ||     2
    Use: Potion            ||     1
   Stab: Paralysed         ||     6
         Invisible         ||     3
 Armour: Scale mail        ||    48
         Leather armour    ||     2
  Dodge: Dodged            ||    59

Table legend: (Time is in decaauts)
 A = Elapsed time spent in this place.
 B = Non-inter-level travel time spent in this place.
 C = Inter-level travel time spent in this place.
 D = Time resting spent in this place.
 E = Time spent auto-exploring this place.
 F = Levels seen in this place.
 G = Mean time per level.
                   A        B        C        D        E       F      G
               +--------+--------+--------+--------+--------+-----+--------+
         Total |    894 |    715 |    179 |     33 |    434 |   2 |  447.0 |
       Dungeon |    894 |    715 |    179 |     33 |    434 |   2 |  447.0 |
               +--------+--------+--------+--------+--------+-----+--------+

Top non-repeatable levels by time:
     D:1: 839 daAuts
     D:2: 55 daAuts
